 Dungeon Crawl Stone Soup version 0.30.1-4-g462c640d31 (webtiles) character file.

Game seed: 3706911381663015432

119 monsoonserge the Chopper (level 5, -3/70 HPs)
             Began as a Hill Orc Fighter on Sept 18, 2023.
             Was a High Priest of Ignis.
             Slain by an orc
             ... wielding a +0 trident of venom
              (4 damage)
             ... on level 3 of the Dungeon.
             The game lasted 00:03:50 (1834 turns).

monsoonserge the Chopper (Hill Orc Fighter)         Turns: 1834, Time: 00:03:50

Health: -3/70      AC: 14    Str: 19 (21) XL:     5   Next: 3%
Magic:  5/5        EV:  9    Int:  7 (8)  God:    Ignis [*****.]
Gold:   77         SH:  4    Dex:  8 (10) Spells: 4/4 levels left

rFire   + . .        a - +0 war axe
rCold   . . .        c - +0 buckler
rNeg    . . .        b - +0 scale mail
rPois   .            (no helmet)
rElec   .            (no cloak)
rCorr   .            (no gloves)
SInv    .            (no boots)
Will    .....        (no amulet) Stlth
                     (no ring)
HPRegen 0.31/turn    (no ring)
MPRegen 0.09/turn

%: no passive effects
@: berserking, lethally poisoned (-3 -> -26), fiery-armoured, very quick
A: no striking features
a: Renounce Religion, Fiery Armour, Foxfire Swarm, Rising Flame


You were on level 3 of the Dungeon.
You worshipped Ignis.
Ignis was extremely pleased with you.
You visited 1 branch of the dungeon, and saw 3 of its levels.

You collected 77 gold pieces.

Inventory:

Hand Weapons
 a - a +0 war axe (weapon)
 g - a +0 sling
Missiles
 e - 4 poisoned darts (quivered)
Armour
 b - a +0 scale mail (worn)
 c - a +0 buckler (worn)
Scrolls
 f - a scroll of teleportation {unknown}
 i - a scroll of vulnerability {unknown}
 j - a scroll of identify {unknown}
 m - a scroll of enchant weapon {unknown}
 o - a scroll of acquirement {unknown}
Potions
 d - 2 potions of might
 k - 2 potions of degeneration
 n - a potion of flight {unknown}


   Skills:
 + Level 4.3 Fighting
 + Level 4.9 Axes
 + Level 3.9 Armour
 + Level 0.4 Dodging
 + Level 0.1 Stealth
 + Level 3.6 Shields


You had 4 spell levels left.
You didn't know any spells.
Your spell library contained the following spells:

 Spells                   Type           Power      Damage    Failure   Level
 Necrotise                Necr           0%         1d4       86%         1
 Vampiric Draining        Necr           0%         2d6       99%         3
 Agony                    Necr           0%         N/A       100%        5


Dungeon Overview and Level Annotations

Branches:
Dungeon (3/15)

Altars:
Okawaru
Ignis


Message History

* * * LOW HITPOINT WARNING * * *
You feel sick.
The hobgoblin shouts!
The hobgoblin moves out of view.
You feel better. The orc hits you but does no damage.
The orc hits you from afar with a +0 trident of venom.
* * * LOW HITPOINT WARNING * * *
You are poisoned.
A protective cloak of flame settles atop you.
You feel sick. The orc barely misses you. The orc hits you but does no damage.
You are lethally poisoned!
You closely miss the orc. You hit the hobgoblin but do no damage.
* * * LOW HITPOINT WARNING * * *
You feel very sick. The hobgoblin barely misses you.
The orc hits you but does no damage.
The orc is burned by your cloak of flames.
The orc is almost dead.
The orc hits you but does no damage.
You are more poisoned.
The hobgoblin hits you but does no damage.
The hobgoblin is burned by your cloak of flames.
You kill the hobgoblin!
The orc hits you but does no damage.
You are more poisoned.
The orc closely misses you.
You are lethally poisoned (5 -> -25).
You are armoured with a cloak of flame.
Your movement speed is average.
Your attack delay is about 1.2.
Your damage rating with your +0 war axe is about 15 (Base 11 x 122% (Str) x 116% (Skill)).
Your base attributes are Str 21, Int 8, Dex 10.
Unknown command.
It was a potion of berserk rage.
A red film seems to cover your vision as you go berserk!
You feel yourself moving faster!
You feel mighty!
* * * LOW HITPOINT WARNING * * *
You feel very sick. The orc hits you but does no damage.
The orc is burned by your cloak of flames.
You kill the orc!
The orc hits you from afar with a +0 trident of venom.
You die...

#..... ..... #.
.... #. ... .. ..
.. .. <. ##..##.
... .
.....#†########....
# #...@)oK.....#[.
###.###..†.....o
#..........###..
##........).# ..
##.##..........#
...
..................
#..##
##.#.##.########.#
... ##....
#.###.... ... #
#.###...# #........
#. ##.


You could see an orc and a kobold.

Vanquished Creatures
  A scorpion (D:3)
  An adder (D:2)
  A dart slug (D:2)
  3 orcs (D:3)
  A bat (D:2)
  5 endoplasms
  5 goblins
  9 hobgoblins
  4 quokkas
  3 ball pythons
  5 frilled lizards
  5 kobolds
  2 rats (D:2)
45 creatures vanquished.

Notes
Turn   | Place    | Note
-------+----------+-------------------------------------------
     0 | D:1      | monsoonserge the Hill Orc Fighter began the quest for the
                  | Orb.
     0 | D:1      | Reached XP level 1. HP: 19/19 MP: 1/1
   221 | D:1      | Found a faded altar of an unknown god.
   233 | D:1      | Prayed at the altar of an unknown god.
   233 | D:1      | Became a worshipper of Ignis, the Dying Flame
   279 | D:1      | Reached XP level 2. HP: 25/27 MP: 2/2
   719 | D:2      | Reached XP level 3. HP: 33/33 MP: 3/3
   787 | D:2      | Found an iron altar of Okawaru.
   923 | D:2      | You fall into a shaft and drop 1 floor!
  1811 | D:3      | Noticed a scorpion
  1816 | D:3      | Reached XP level 4. HP: 39/40 MP: 4/4
  1823 | D:3      | Killed a scorpion
  1825 | D:3      | Reached XP level 5. HP: 13/47 MP: 5/5
  1834 | D:3      | HP: 1/70 [poisoned by an orc]
  1834 | D:3      | Slain by an orc

Illustrated notes

Levels and vault maps discovered:
D:1:      sevenhm_arrival_forest_fort_small_6, layout_loops_ring,
          ebering_ecumenical_altar_mist
D:2:      layout_basic, basic_altar
D:3:      layout_rooms, lemuel_round_altar, mainiacjoe_overflow_alcove_4,
          minmay_pentangle

Skill      XL: |  1  2  3 |
---------------+----------+-----
Fighting       | 4 |  4.3
Axes           | 3 4 |  4.9
Armour         | |  3.9
Dodging        | |  0.4
Stealth        | |  0.1
Shields        | |  3.6

Action                     |  1- 3 |  4- 6 || total
---------------------------+-------+-------++-------
  Melee: War axe           |   104 |    10 ||   114
 Invoke: Fiery Armour      |       |     1 ||     1
    Use: Potion            |       |     4 ||     4
 Armour: Scale mail        |    52 |    12 ||    64
  Dodge: Dodged            |    43 |    13 ||    56
  Block: Buckler           |    22 |     6 ||    28
